PETERBOROUGH SLASHERS vs WASHINGTON BLACKHAWKS
Created - 28 octobre 2025 at 00:15
Goals
|
| PETERBOROUGH SLASHERS |
0 |
0 |
1 |
1 |
| WASHINGTON BLACKHAWKS |
2 |
1 |
2 |
5 |
|
Shots
|
| PETERBOROUGH SLASHERS |
7 |
13 |
13 |
33 |
| WASHINGTON BLACKHAWKS |
16 |
21 |
12 |
49 |
|
1st period
1. WASHINGTON BLACKHAWKS , Danila Klimovich 5 (Nikita Novikov 5, Lleyton Roed 5) at 1:51
2. WASHINGTON BLACKHAWKS , Nikita Novikov 1 (Ross Johnston 5, Jon-Randall Avon 1) at 8:17
Penalties :
Pierrick Dube (WSH) for Fighting (Major) at 2:27, Martin Frk (PET) for Fighting (Major) at 2:27, Nikita Novikov (WSH) for Slashing (Minor) at 2:27, Viliam Kmec (WSH) for Roughing (Minor) at 2:27, Brian Pinho (PET) for Slashing (Minor) at 2:27, Jesse Ylonen (PET) for Charging (Minor) at 2:27, Brett Berard (WSH) for Cross-checking (Minor) at 2:27, Mike Reilly (WSH) for Roughing (Minor) at 5:23, Jarred Tinordi (PET) for Holding (Minor) at 11:25
2nd period
3. WASHINGTON BLACKHAWKS , Ross Johnston 3 (Samuel Lipkin 3) at 15:01
Penalties :
Phil Kemp (PET) for Hooking (Minor) at 9:25, Ryan Tverberg (WSH) for Holding (Minor) at 10:07
3rd period
4. WASHINGTON BLACKHAWKS , Nikita Novikov 2 (Ross Johnston 6, Colten Ellis) at 1:11 (PP)
5. PETERBOROUGH SLASHERS , Tristen Robins 2 (Sandis Vilmanis 4) at 2:51
6. WASHINGTON BLACKHAWKS , Brett Berard 10 (Pierrick Dube 8, Ryan Tverberg 3) at 13:54 (PP)
Penalties :
Ty Nelson (PET) for Hooking (Minor) at 0:14, Danila Klimovich (WSH) for Hooking (Minor) at 3:40, Jarred Tinordi (PET) for Hooking (Minor) at 13:29, Ross Johnston (WSH) for Holding (Minor) at 13:55, Mike Reilly (WSH) for Roughing (Minor) at 16:03, Nikita Novikov (WSH) for Roughing (Minor) at 18:49
Goalie Stats
Devon Levi (PET), 44 saves from 49 shots - (0,898), L, 2-6-0, 60:00 minutes
Colten Ellis (WSH), 32 saves from 33 shots - (0,970), W, 5-1-1, 60:00 minutes
Players Stats for PETERBOROUGH SLASHERS
Player Name G A P +/- PIM S H SB GA TA FO MP PP MP PK MP
------------------------------------------------------------------------------------
Anthony Vincent 0 0 0 0 0 0 0 0 0 0 0/0 14:36 0:00 0:00
Billy Sweezey 0 0 0 -1 0 2 3 3 0 0 0/0 21:11 3:54 1:50
Brian Pinho 0 0 0 -2 2 5 2 0 0 0 18/36 24:50 3:55 3:00
Dylan McIlrath 0 0 0 0 0 0 0 0 0 0 0/0 1:46 0:00 0:00
Hunter Skinner 0 0 0 0 0 4 0 3 0 0 0/0 14:38 0:00 0:00
Jarred Tinordi 0 0 0 0 4 0 3 2 0 0 0/0 15:22 0:00 1:08
Jean-Luc Foudy 0 0 0 0 0 1 0 0 0 0 14/23 15:11 0:00 0:00
Jesse Ylonen 0 0 0 -2 2 3 1 0 0 0 2/4 20:26 3:55 1:03
Kale Clague 0 0 0 -1 0 2 3 2 0 0 0/0 22:47 3:55 2:13
Martin Frk 0 0 0 -2 5 6 2 0 0 0 0/0 21:51 3:55 3:00
Noel Gunler 0 0 0 0 0 3 1 0 0 0 0/2 18:42 3:54 0:00
Phil Kemp 0 0 0 -1 2 1 6 1 0 0 0/0 20:10 3:54 1:12
Sam Gagner 0 0 0 0 0 0 0 0 0 0 1/4 1:56 0:00 0:00
Sandis Vilmanis 0 1 1 0 0 2 2 0 0 0 2/2 20:33 3:54 1:03
Simon Robertsson 0 0 0 0 0 0 0 0 0 0 0/0 1:56 0:00 0:00
Tristen Robins 1 0 1 0 0 3 0 0 0 0 16/26 18:14 3:54 0:00
Ty Nelson 0 0 0 -1 2 1 2 1 0 0 0/0 24:02 3:55 1:43
Tyson Empey 0 0 0 0 0 0 4 0 0 0 0/0 14:23 0:00 0:00
Players Stats for WASHINGTON BLACKHAWKS
Player Name G A P +/- PIM S H SB GA TA FO MP PP MP PK MP
------------------------------------------------------------------------------------
Akito Hirose 0 0 0 0 0 1 0 1 0 0 0/0 8:27 0:34 1:31
Brett Berard 1 0 1 0 2 9 2 1 0 0 9/21 21:50 1:29 2:15
Danila Klimovich 1 0 1 0 2 6 9 0 0 0 4/9 21:11 1:31 3:43
Jake Livingstone 0 0 0 2 0 1 4 1 0 0 0/0 26:13 1:23 5:55
Jon-Randall Avon 0 1 1 2 0 1 0 0 0 0 0/0 14:04 0:00 0:57
Kyle McDonald 0 0 0 0 0 0 0 0 0 0 0/0 1:30 0:29 0:00
Lleyton Roed 0 1 1 0 0 8 2 1 0 0 0/0 23:35 2:05 4:30
Max McCormick 0 0 0 0 0 0 0 0 0 0 0/0 0:00 0:00 0:00
Max Sasson 0 0 0 0 0 3 0 0 0 0 0/0 11:24 0:00 0:00
Mike Reilly 0 0 0 0 4 1 1 1 0 0 0/0 16:03 0:00 0:37
Nick DeSimone 0 0 0 0 0 1 0 1 0 0 0/0 24:38 2:40 4:18
Nikita Novikov 2 1 3 2 4 3 4 6 0 0 0/0 27:54 0:49 4:04
Pierrick Dube 0 1 1 0 5 4 0 0 0 0 2/7 20:53 1:58 3:29
Ross Johnston 1 2 3 2 2 8 5 1 0 0 3/11 18:33 2:05 0:00
Ryan Tverberg 0 1 1 0 2 1 0 0 0 0 13/29 17:30 1:57 0:38
Samuel Lipkin 0 1 1 2 0 1 1 0 0 0 13/20 16:23 0:34 2:07
Viliam Kmec 0 0 0 0 2 1 3 0 0 0 0/0 16:38 2:40 3:09
Zack MacEwen 0 0 0 0 0 0 0 0 0 0 0/0 0:00 0:00 0:00
3 Stars
1 - Nikita Novikov (WSH)
2 - Ross Johnston (WSH)
3 - Colten Ellis (WSH)
Power Play
PETERBOROUGH SLASHERS - 0 on 7 Attempt(s) - 0,00%
WASHINGTON BLACKHAWKS - 2 on 4 Attempt(s) - 50,00%
Penalty Kill
PETERBOROUGH SLASHERS - 2 on 4 Attempt(s) - 50,00%
- Score 0 goal in Penalty Kill
WASHINGTON BLACKHAWKS - 7 on 7 Attempt(s) - 100,00%
- Score 0 goal in Penalty Kill
Team Stat
PETERBOROUGH SLASHERS - Hits : 29 - Faceoff Wins : 53 - Blocked Shots : 12 - Penalty Minutes : 17
WASHINGTON BLACKHAWKS - Hits : 31 - Faceoff Wins : 44 - Blocked Shots : 13 - Penalty Minutes : 23
Official
Referees : Dean Morton and Chris Schlenker
Linesman : Jeff Walker and Scott Cherrey
Game Notes
General Fight at 2:27 of 1st period
Pierrick Dube and Martin Frk fight to a draw at 2:27 of 1st period
PETERBOROUGH SLASHERS
5 vs 5 Forward
Center Left Wing Right Wing Time % Phy DF OF
1 Brian Pinho Martin Frk Jesse Ylonen 36 1 2 2
2 Tristen Robins Sandis Vilmanis Noel Gunler 31 1 2 2
3 Jean-Luc Foudy Tyson Empey Anthony Vincent 23 1 2 2
4 Sam Gagner Simon Robertsson Brian Pinho 10 1 2 2
5 vs 5 Defense
Defense Defense Time % Phy DF OF
1 Ty Nelson Kale Clague 36 1 2 2
2 Billy Sweezey Phil Kemp 31 1 2 2
3 Hunter Skinner Jarred Tinordi 23 1 2 2
4 Dylan McIlrath Ty Nelson 10 1 2 2
PowerPlay Forward
Center Left Wing Right Wing Time % Phy DF OF
1 Brian Pinho Martin Frk Jesse Ylonen 55 1 2 2
2 Tristen Robins Sandis Vilmanis Noel Gunler 45 1 2 2
PowerPlay Defense
Defense Defense Time % Phy DF OF
1 Ty Nelson Kale Clague 55 1 2 2
2 Billy Sweezey Phil Kemp 45 1 2 2
Penalty Kill 4 Players Forward
Center Wing Time % Phy DF OF
1 Brian Pinho Martin Frk 55 1 2 2
2 Jesse Ylonen Sandis Vilmanis 45 1 2 2
Penalty Kill 4 Players Defense
Defense Defense Time % Phy DF OF
1 Ty Nelson Kale Clague 55 1 2 2
2 Billy Sweezey Phil Kemp 45 1 2 2
Penalty Kill - 3 Players Forward
Forward Time % Phy DF OF
1 Brian Pinho 55 1 2 2
2 Martin Frk 45 1 2 2
Penalty Kill - 3 Players Defense
Defense Defense Time % Phy DF OF
1 Ty Nelson Kale Clague 55 1 2 2
2 Billy Sweezey Phil Kemp 45 1 2 2
4 vs 4 Forward
Center Wing Time % Phy DF OF
1 Brian Pinho Martin Frk 55 1 2 2
2 Jesse Ylonen Sandis Vilmanis 45 1 2 2
4 vs 4 Defense
Defense Defense Time % Phy DF OF
1 Ty Nelson Kale Clague 55 1 2 2
2 Billy Sweezey Phil Kemp 45 1 2 2
Last Minutes Offensive
Center Left Wing Right Wing Defense Defense
Brian Pinho Martin Frk Jesse Ylonen Ty Nelson Kale Clague
Last Minutes Defensive
Center Left Wing Right Wing Defense Defense
Brian Pinho Martin Frk Jesse Ylonen Ty Nelson Kale Clague
Goaltenders
Starting : Devon Levi
Backup : Mads Sogaard
Extra Forwards
Normal : Jean-Luc Foudy, Anthony Vincent, Tyson Empey - PP : Jean-Luc Foudy, Anthony Vincent - PK : Tyson Empey
Extra Defensemen
Normal : Hunter Skinner, Jarred Tinordi, Dylan McIlrath - PP : Hunter Skinner - PK : Jarred Tinordi, Dylan McIlrath
Penalty Shots
Brian Pinho, Martin Frk, Jesse Ylonen, Sandis Vilmanis, Noel Gunler
Scratches
Adam McCormick (Healthy), Alex Ciernik (Healthy), Alex Beaucage (Healthy), Blake McLaughlin (Healthy), Dryden Hunt (Healthy)
Gleb Trikozov (Healthy), Joni Jurmo (Healthy), Justin Lee (Healthy), Hunter Miska (Healthy), Ruslan Khazheyev (Healthy)
Jack LaFontaine (Healthy)
WASHINGTON BLACKHAWKS
5 vs 5 Forward
Center Left Wing Right Wing Time % Phy DF OF
1 Ryan Tverberg Danila Klimovich Lleyton Roed 30 1 2 2
2 Ross Johnston Brett Berard Pierrick Dube 29 1 2 2
3 Brett Berard Pierrick Dube Max Sasson 23 1 2 2
4 Samuel Lipkin Ross Johnston Jon-Randall Avon 18 1 2 2
5 vs 5 Defense
Defense Defense Time % Phy DF OF
1 Nikita Novikov Jake Livingstone 36 1 2 2
2 Mike Reilly Nick DeSimone 31 1 2 2
3 Nikita Novikov Viliam Kmec 23 1 2 2
4 Nikita Novikov Jake Livingstone 10 1 2 2
PowerPlay Forward
Center Left Wing Right Wing Time % Phy DF OF
1 Ryan Tverberg Pierrick Dube Brett Berard 55 1 2 2
2 Danila Klimovich Lleyton Roed Ross Johnston 45 1 2 2
PowerPlay Defense
Defense Defense Time % Phy DF OF
1 Nikita Novikov Jake Livingstone 55 1 2 2
2 Viliam Kmec Nick DeSimone 45 1 2 2
Penalty Kill 4 Players Forward
Center Wing Time % Phy DF OF
1 Danila Klimovich Lleyton Roed 55 1 2 2
2 Pierrick Dube Brett Berard 45 1 2 2
Penalty Kill 4 Players Defense
Defense Defense Time % Phy DF OF
1 Jake Livingstone Nikita Novikov 55 1 2 2
2 Nick DeSimone Viliam Kmec 45 1 2 2
Penalty Kill - 3 Players Forward
Forward Time % Phy DF OF
1 Pierrick Dube 55 1 2 2
2 Ryan Tverberg 45 1 2 2
Penalty Kill - 3 Players Defense
Defense Defense Time % Phy DF OF
1 Jake Livingstone Nikita Novikov 55 1 2 2
2 Viliam Kmec Nick DeSimone 45 1 2 2
4 vs 4 Forward
Center Wing Time % Phy DF OF
1 Brett Berard Ryan Tverberg 55 1 2 2
2 Danila Klimovich Pierrick Dube 45 1 2 2
4 vs 4 Defense
Defense Defense Time % Phy DF OF
1 Nikita Novikov Jake Livingstone 55 1 2 2
2 Nick DeSimone Viliam Kmec 45 1 2 2
Last Minutes Offensive
Center Left Wing Right Wing Defense Defense
Danila Klimovich Brett Berard Lleyton Roed Nikita Novikov Jake Livingstone
Last Minutes Defensive
Center Left Wing Right Wing Defense Defense
Danila Klimovich Brett Berard Lleyton Roed Nikita Novikov Jake Livingstone
Goaltenders
Starting : Colten Ellis
Backup : Pheonix Copley
Extra Forwards
Normal : Brett Berard, Lleyton Roed, Pierrick Dube - PP : Pierrick Dube, Ross Johnston - PK : Pierrick Dube
Extra Defensemen
Normal : Jake Livingstone, Nikita Novikov, Nick DeSimone - PP : Jake Livingstone - PK : Nick DeSimone, Nikita Novikov
Penalty Shots
Pierrick Dube, Lleyton Roed, Ross Johnston, Max Sasson, Ryan Tverberg
Scratches
Andreas Englund (Healthy), Brady Stonehouse (Healthy), Cooper Flinton (Healthy), Marshall Warren (Healthy), Max Wanner (Healthy)
Oliver Kylington (Healthy), Josh Filmon (Healthy), Ryan Hofer (Healthy), Quinn Hutson (Healthy), Olivier Rodrigue (Healthy)
William Rousseau (Healthy), Vadim Zherenko (Healthy)
% Time on Ice - PETERBOROUGH SLASHERS
Lines # - Real PCT - Wanted PCT - Time Play
Normal Forward
1 - 34% - 36% - 15:06
2 - 32% - 31% - 14:20
3 - 30% - 23% - 13:30
4 - 4% - 10% - 1:56
Normal Defense
1 - 33% - 36% - 14:38
2 - 32% - 31% - 14:12
3 - 32% - 23% - 14:16
4 - 4% - 10% - 1:46
PP Forward
1 - 50% - 55% - 3:55
2 - 50% - 45% - 3:54
PP Defense
1 - 50% - 55% - 3:55
2 - 50% - 45% - 3:54
PK Forward
1 - 74% - 55% - 3:00
2 - 26% - 45% - 1:03
PK Defense
1 - 55% - 55% - 2:13
2 - 45% - 45% - 1:50
PK3 Forward
1 - 0% - 55%
2 - 0% - 45%
PK3 Defense
1 - 0% - 55%
2 - 0% - 45%
44 Forward
1 - 61% - 55% - 2:00
2 - 39% - 45% - 1:16
44 Defense
1 - 62% - 55% - 2:01
2 - 38% - 45% - 1:15
Last Minute Offensive - 0:00
Last Minute Defensive - 0:00
Total
Forward - 60:00
Defense - 60:00
|
% Time on Ice - WASHINGTON BLACKHAWKS
Lines # - Real PCT - Wanted PCT - Time Play
Normal Forward
1 - 33% - 30% - 14:55
2 - 12% - 29% - 5:26
3 - 25% - 23% - 11:24
4 - 29% - 18% - 13:07
Normal Defense
1 - 36% - 36% - 15:59
2 - 38% - 31% - 17:00
3 - 23% - 23% - 10:13
4 - 4% - 10% - 1:40
PP Forward
1 - 49% - 55% - 1:58
2 - 51% - 45% - 2:05
PP Defense
1 - 34% - 55% - 1:23
2 - 66% - 45% - 2:40
PK Forward
1 - 71% - 55% - 5:34
2 - 29% - 45% - 2:15
PK Defense
1 - 60% - 55% - 4:40
2 - 40% - 45% - 3:09
PK3 Forward
1 - 68% - 55% - 1:21
2 - 32% - 45% - 0:38
PK3 Defense
1 - 65% - 55% - 1:17
2 - 35% - 45% - 0:42
44 Forward
1 - 100% - 55% - 1:17
2 - 0% - 45% - 0:00
44 Defense
1 - 52% - 55% - 0:40
2 - 48% - 45% - 0:37
Last Minute Offensive - 0:00
Last Minute Defensive - 0:00
Total
Forward - 60:00
Defense - 60:00
|
Play-by-Play
1st period
0:01 of 1st period - Ryan Tverberg wins face-off versus Brian Pinho in neutral zone.
0:08 of 1st period - Shot by Lleyton Roed.
0:08 of 1st period - Shot Blocked by Ty Nelson.
0:10 of 1st period - Shot by Lleyton Roed.
0:10 of 1st period - Deflect By Danila Klimovich.
0:10 of 1st period - Stopped by Devon Levi without a rebound.
0:11 of 1st period - Tristen Robins wins face-off versus Brett Berard in PETERBOROUGH SLASHERS zone.
0:11 of 1st period - Tristen Robins is hit by Ross Johnston.
0:16 of 1st period - Off-side.
0:17 of 1st period - Jean-Luc Foudy wins face-off versus Brett Berard in neutral zone.
0:40 of 1st period - Shot by Brett Berard.
0:40 of 1st period - Shot Misses the Net.
0:46 of 1st period - Shot by Max Sasson.
0:46 of 1st period - Stopped by Devon Levi without a rebound.
0:47 of 1st period - Tristen Robins wins face-off versus Samuel Lipkin in PETERBOROUGH SLASHERS zone.
0:54 of 1st period - Shot by Sandis Vilmanis.
0:54 of 1st period - Shot Blocked by Mike Reilly.
1:02 of 1st period - Shot by Nick DeSimone.
1:02 of 1st period - Stopped by Devon Levi with a rebound.
1:51 of 1st period - Shot by Danila Klimovich.
1:51 of 1st period - Goal by Danila Klimovich - PETERBOROUGH SLASHERS : 0 - WASHINGTON BLACKHAWKS : 1.
1:52 of 1st period - Brian Pinho wins face-off versus Brett Berard in neutral zone.
1:54 of 1st period - Martin Frk is hit by Viliam Kmec and loses puck.
2:16 of 1st period - Jesse Ylonen is hit by Viliam Kmec and loses puck.
2:27 of 1st period - Pierrick Dube and Martin Frk fight to a draw.
2:27 of 1st period - Penalty to Pierrick Dube for Fighting.
2:27 of 1st period - Penalty to Martin Frk for Fighting.
2:27 of 1st period - Minor Penalty to Nikita Novikov for Slashing.
2:27 of 1st period - Minor Penalty to Viliam Kmec for Roughing.
2:27 of 1st period - Minor Penalty to Brian Pinho for Slashing.
2:27 of 1st period - Minor Penalty to Jesse Ylonen for Charging.
2:27 of 1st period - Minor Penalty to Brett Berard for Cross-checking.
2:28 of 1st period - Ryan Tverberg wins face-off versus Jean-Luc Foudy in WASHINGTON BLACKHAWKS zone.
2:36 of 1st period - Icing by Anthony Vincent.
2:37 of 1st period - Jean-Luc Foudy wins face-off versus Samuel Lipkin in PETERBOROUGH SLASHERS zone.
2:57 of 1st period - Shot by Jean-Luc Foudy.
2:57 of 1st period - Deflect By Anthony Vincent.
2:57 of 1st period - Shot Misses the Net.
3:34 of 1st period - Shot by Samuel Lipkin.
3:34 of 1st period - Stopped by Devon Levi with a rebound.
3:40 of 1st period - Samuel Lipkin is hit by Tyson Empey and loses puck.
4:39 of 1st period - Icing by Brian Pinho.
4:40 of 1st period - Brian Pinho wins face-off versus Ryan Tverberg in PETERBOROUGH SLASHERS zone.
4:40 of 1st period - Brian Pinho is hit by Danila Klimovich.
4:45 of 1st period - Noel Gunler is hit by Nikita Novikov and loses puck.
4:54 of 1st period - Icing by Nikita Novikov.
4:55 of 1st period - Sam Gagner wins face-off versus Ryan Tverberg in WASHINGTON BLACKHAWKS zone.
5:16 of 1st period - Shot by Lleyton Roed.
5:16 of 1st period - Stopped by Devon Levi without a rebound.
5:17 of 1st period - Jean-Luc Foudy wins face-off versus Ross Johnston in PETERBOROUGH SLASHERS zone.
5:23 of 1st period - Minor Penalty to Mike Reilly for Roughing.
5:24 of 1st period - Jean-Luc Foudy wins face-off versus Ross Johnston in WASHINGTON BLACKHAWKS zone.
5:32 of 1st period - Shot by Brett Berard.
5:32 of 1st period - Deflect By Lleyton Roed.
5:32 of 1st period - Shot Misses the Net.
5:37 of 1st period - Ross Johnston is hit by Phil Kemp.
5:39 of 1st period - Shot by Brett Berard.
5:39 of 1st period - Shot Blocked by Billy Sweezey.
5:41 of 1st period - Shot by Jake Livingstone.
5:41 of 1st period - Deflect By Ross Johnston.
5:41 of 1st period - Stopped by Devon Levi without a rebound.
5:42 of 1st period - Brian Pinho wins face-off versus Brett Berard in PETERBOROUGH SLASHERS zone.
5:42 of 1st period - Brian Pinho is hit by Brett Berard.
5:56 of 1st period - Max Sasson is hit by Jarred Tinordi.
6:16 of 1st period - Shot by Brett Berard.
6:16 of 1st period - Stopped by Devon Levi without a rebound.
6:17 of 1st period - Tristen Robins wins face-off versus Ryan Tverberg in PETERBOROUGH SLASHERS zone.
6:32 of 1st period - Icing by Akito Hirose.
6:33 of 1st period - Ryan Tverberg wins face-off versus Sam Gagner in WASHINGTON BLACKHAWKS zone.
6:33 of 1st period - Ryan Tverberg is hit by Brian Pinho.
6:41 of 1st period - Shot by Danila Klimovich.
6:41 of 1st period - Shot Misses the Net.
6:43 of 1st period - Shot by Lleyton Roed.
6:43 of 1st period - Stopped by Devon Levi with a rebound.
6:55 of 1st period - Shot by Danila Klimovich.
6:55 of 1st period - Shot Misses the Net.
6:57 of 1st period - Shot by Danila Klimovich.
6:57 of 1st period - Stopped by Devon Levi without a rebound.
6:58 of 1st period - Samuel Lipkin wins face-off versus Tristen Robins in PETERBOROUGH SLASHERS zone.
7:15 of 1st period - Shot by Kale Clague.
7:15 of 1st period - Stopped by Colten Ellis without a rebound.
7:16 of 1st period - Brett Berard wins face-off versus Jean-Luc Foudy in WASHINGTON BLACKHAWKS zone.
7:16 of 1st period - Brett Berard is hit by Tyson Empey.
7:25 of 1st period - Max Sasson is hit by Phil Kemp and loses puck.
7:33 of 1st period - Brett Berard is hit by Phil Kemp and loses puck.
7:48 of 1st period - Shot by Brett Berard.
7:48 of 1st period - Stopped by Devon Levi without a rebound.
7:49 of 1st period - Brian Pinho wins face-off versus Samuel Lipkin in PETERBOROUGH SLASHERS zone.
7:55 of 1st period - Off-side.
7:56 of 1st period - Samuel Lipkin wins face-off versus Brian Pinho in neutral zone.
8:13 of 1st period - Shot by Jon-Randall Avon.
8:13 of 1st period - Stopped by Devon Levi with a rebound.
8:15 of 1st period - Shot by Ross Johnston.
8:15 of 1st period - Shot Misses the Net.
8:17 of 1st period - Shot by Nikita Novikov.
8:17 of 1st period - Goal by Nikita Novikov - PETERBOROUGH SLASHERS : 0 - WASHINGTON BLACKHAWKS : 2.
8:18 of 1st period - Ryan Tverberg wins face-off versus Tristen Robins in neutral zone.
8:43 of 1st period - Shot by Lleyton Roed.
8:43 of 1st period - Shot Misses the Net.
9:14 of 1st period - Icing by Jesse Ylonen.
9:15 of 1st period - Ross Johnston wins face-off versus Brian Pinho in PETERBOROUGH SLASHERS zone.
9:26 of 1st period - Shot by Brian Pinho.
9:26 of 1st period - Stopped by Colten Ellis with a rebound.
9:32 of 1st period - Shot by Martin Frk.
9:32 of 1st period - Shot Misses the Net.
9:40 of 1st period - Shot by Ross Johnston.
9:40 of 1st period - Shot Misses the Net.
9:42 of 1st period - Shot by Ross Johnston.
9:42 of 1st period - Stopped by Devon Levi with a rebound.
9:44 of 1st period - Shot by Brett Berard.
9:44 of 1st period - Shot Misses the Net.
9:46 of 1st period - Shot by Brett Berard.
9:46 of 1st period - Shot Misses the Net.
9:50 of 1st period - Shot by Pierrick Dube.
9:50 of 1st period - Shot Blocked by Kale Clague.
10:11 of 1st period - Danila Klimovich is hit by Tyson Empey and loses puck.
10:24 of 1st period - Shot by Nikita Novikov.
10:24 of 1st period - Shot Misses the Net.
10:26 of 1st period - Shot by Viliam Kmec.
10:26 of 1st period - Shot Misses the Net.
11:25 of 1st period - Minor Penalty to Jarred Tinordi for Holding.
11:26 of 1st period - Samuel Lipkin wins face-off versus Brian Pinho in PETERBOROUGH SLASHERS zone.
11:26 of 1st period - Samuel Lipkin is hit by Kale Clague.
11:38 of 1st period - Shot by Ross Johnston.
11:38 of 1st period - Shot Misses the Net.
12:21 of 1st period - Shot by Pierrick Dube.
12:21 of 1st period - Stopped by Devon Levi without a rebound.
12:22 of 1st period - Jesse Ylonen wins face-off versus Danila Klimovich in PETERBOROUGH SLASHERS zone.
13:30 of 1st period - Jarred Tinordi is hit by Samuel Lipkin and loses puck.
13:49 of 1st period - Shot by Jean-Luc Foudy.
13:49 of 1st period - Shot Blocked by Nikita Novikov.
13:51 of 1st period - Shot by Hunter Skinner.
13:51 of 1st period - Shot Misses the Net.
13:53 of 1st period - Shot by Hunter Skinner.
13:53 of 1st period - Stopped by Colten Ellis without a rebound.
13:54 of 1st period - Tristen Robins wins face-off versus Brett Berard in WASHINGTON BLACKHAWKS zone.
13:54 of 1st period - Tristen Robins is hit by Nikita Novikov.
14:09 of 1st period - Shot by Sandis Vilmanis.
14:09 of 1st period - Stopped by Colten Ellis without a rebound.
14:10 of 1st period - Samuel Lipkin wins face-off versus Jean-Luc Foudy in WASHINGTON BLACKHAWKS zone.
14:10 of 1st period - Samuel Lipkin is hit by Tyson Empey.
14:24 of 1st period - Icing by Mike Reilly.
14:25 of 1st period - Samuel Lipkin wins face-off versus Tristen Robins in WASHINGTON BLACKHAWKS zone.
15:10 of 1st period - Sandis Vilmanis is hit by Nikita Novikov.
15:54 of 1st period - Shot by Brian Pinho.
15:54 of 1st period - Shot Blocked by Akito Hirose.
15:56 of 1st period - Shot by Jesse Ylonen.
15:56 of 1st period - Stopped by Colten Ellis with a rebound.
16:06 of 1st period - Shot by Martin Frk.
16:06 of 1st period - Stopped by Colten Ellis without a rebound.
16:07 of 1st period - Ryan Tverberg wins face-off versus Jean-Luc Foudy in WASHINGTON BLACKHAWKS zone.
16:14 of 1st period - Shot by Lleyton Roed.
16:14 of 1st period - Stopped by Devon Levi without a rebound.
16:15 of 1st period - Jean-Luc Foudy wins face-off versus Ryan Tverberg in PETERBOROUGH SLASHERS zone.
16:15 of 1st period - Jean-Luc Foudy is hit by Lleyton Roed.
16:32 of 1st period - Shot by Anthony Vincent.
16:32 of 1st period - Shot Blocked by Nikita Novikov.
16:34 of 1st period - Shot by Hunter Skinner.
16:34 of 1st period - Stopped by Colten Ellis without a rebound.
16:35 of 1st period - Samuel Lipkin wins face-off versus Brian Pinho in WASHINGTON BLACKHAWKS zone.
17:21 of 1st period - Icing by Billy Sweezey.
17:22 of 1st period - Brian Pinho wins face-off versus Ryan Tverberg in PETERBOROUGH SLASHERS zone.
18:28 of 1st period - Off-side.
18:29 of 1st period - Samuel Lipkin wins face-off versus Jean-Luc Foudy in neutral zone.
18:52 of 1st period - Shot by Ross Johnston.
18:52 of 1st period - Shot Misses the Net.
19:38 of 1st period - Shot by Pierrick Dube.
19:38 of 1st period - Shot Misses the Net.
19:56 of 1st period - Phil Kemp is hit by Danila Klimovich.
Goals for this period are 0 for PETERBOROUGH SLASHERS vs 2 for WASHINGTON BLACKHAWKS.
Shots for this period are 7 for PETERBOROUGH SLASHERS vs 16 for WASHINGTON BLACKHAWKS.
2nd period
0:01 of 2nd period - Brian Pinho wins face-off versus Pierrick Dube in neutral zone.
0:12 of 2nd period - Brett Berard is hit by Kale Clague and loses puck.
0:27 of 2nd period - Shot by Pierrick Dube.
0:27 of 2nd period - Stopped by Devon Levi without a rebound.
0:28 of 2nd period - Tristen Robins wins face-off versus Ryan Tverberg in PETERBOROUGH SLASHERS zone.
0:28 of 2nd period - Tristen Robins is hit by Danila Klimovich.
0:33 of 2nd period - Sandis Vilmanis is hit by Danila Klimovich and loses puck.
0:46 of 2nd period - Shot by Lleyton Roed.
0:46 of 2nd period - Shot Misses the Net.
0:48 of 2nd period - Shot by Ryan Tverberg.
0:48 of 2nd period - Stopped by Devon Levi with a rebound.
0:50 of 2nd period - Shot by Nick DeSimone.
0:50 of 2nd period - Shot Misses the Net.
1:03 of 2nd period - Shot by Noel Gunler.
1:03 of 2nd period - Stopped by Colten Ellis with a rebound.
1:22 of 2nd period - Pierrick Dube is hit by Billy Sweezey and loses puck.
1:33 of 2nd period - Shot by Max Sasson.
1:33 of 2nd period - Shot Blocked by Phil Kemp.
1:42 of 2nd period - Max Sasson is hit by Billy Sweezey and loses puck.
2:19 of 2nd period - Shot by Ross Johnston.
2:19 of 2nd period - Stopped by Devon Levi without a rebound.
2:20 of 2nd period - Brian Pinho wins face-off versus Ryan Tverberg in PETERBOROUGH SLASHERS zone.
2:35 of 2nd period - Shot by Martin Frk.
2:35 of 2nd period - Stopped by Colten Ellis without a rebound.
2:36 of 2nd period - Jean-Luc Foudy wins face-off versus Samuel Lipkin in WASHINGTON BLACKHAWKS zone.
3:14 of 2nd period - Shot by Jean-Luc Foudy.
3:14 of 2nd period - Shot Blocked by Jake Livingstone.
3:23 of 2nd period - Icing by Jake Livingstone.
3:24 of 2nd period - Samuel Lipkin wins face-off versus Brian Pinho in WASHINGTON BLACKHAWKS zone.
3:24 of 2nd period - Samuel Lipkin is hit by Jesse Ylonen.
4:23 of 2nd period - Akito Hirose is hit by Martin Frk and loses puck.
4:51 of 2nd period - Shot by Brett Berard.
4:51 of 2nd period - Stopped by Devon Levi with a rebound.
4:53 of 2nd period - Shot by Akito Hirose.
4:53 of 2nd period - Stopped by Devon Levi with a rebound.
5:18 of 2nd period - Ross Johnston is hit by Ty Nelson.
5:52 of 2nd period - Shot by Jean-Luc Foudy.
5:52 of 2nd period - Shot Blocked by Nikita Novikov.
5:54 of 2nd period - Shot by Jean-Luc Foudy.
5:54 of 2nd period - Shot Hit the Post.
6:08 of 2nd period - Icing by Billy Sweezey.
6:09 of 2nd period - Jean-Luc Foudy wins face-off versus Brett Berard in PETERBOROUGH SLASHERS zone.
6:22 of 2nd period - Shot by Jean-Luc Foudy.
6:22 of 2nd period - Stopped by Colten Ellis without a rebound.
6:23 of 2nd period - Samuel Lipkin wins face-off versus Noel Gunler in WASHINGTON BLACKHAWKS zone.
6:27 of 2nd period - Off-side.
6:28 of 2nd period - Brett Berard wins face-off versus Tristen Robins in neutral zone.
6:33 of 2nd period - Shot by Brett Berard.
6:33 of 2nd period - Shot Misses the Net.
6:35 of 2nd period - Shot by Pierrick Dube.
6:35 of 2nd period - Shot Misses the Net.
6:37 of 2nd period - Shot by Mike Reilly.
6:37 of 2nd period - Stopped by Devon Levi without a rebound.
6:38 of 2nd period - Ryan Tverberg wins face-off versus Tristen Robins in PETERBOROUGH SLASHERS zone.
6:47 of 2nd period - Shot by Lleyton Roed.
6:47 of 2nd period - Stopped by Devon Levi without a rebound.
6:48 of 2nd period - Jean-Luc Foudy wins face-off versus Ross Johnston in PETERBOROUGH SLASHERS zone.
6:48 of 2nd period - Jean-Luc Foudy is hit by Ross Johnston.
6:55 of 2nd period - Jean-Luc Foudy is hit by Ross Johnston and loses puck.
7:02 of 2nd period - Shot by Brett Berard.
7:02 of 2nd period - Deflect By Pierrick Dube.
7:02 of 2nd period - Shot Blocked by Hunter Skinner.
7:04 of 2nd period - Shot by Nikita Novikov.
7:04 of 2nd period - Shot Blocked by Hunter Skinner.
7:06 of 2nd period - Shot by Jake Livingstone.
7:06 of 2nd period - Stopped by Devon Levi with a rebound.
7:08 of 2nd period - Shot by Jake Livingstone.
7:08 of 2nd period - Shot Blocked by Hunter Skinner.
7:10 of 2nd period - Shot by Nikita Novikov.
7:10 of 2nd period - Shot Blocked by Jarred Tinordi.
7:12 of 2nd period - Shot by Ross Johnston.
7:12 of 2nd period - Stopped by Devon Levi without a rebound.
7:13 of 2nd period - Tristen Robins wins face-off versus Ryan Tverberg in PETERBOROUGH SLASHERS zone.
7:24 of 2nd period - Shot by Tristen Robins.
7:24 of 2nd period - Stopped by Colten Ellis without a rebound.
7:25 of 2nd period - Brett Berard wins face-off versus Tristen Robins in WASHINGTON BLACKHAWKS zone.
7:25 of 2nd period - Max Sasson is hit by Noel Gunler and loses puck.
7:32 of 2nd period - Billy Sweezey is hit by Brett Berard and loses puck.
7:43 of 2nd period - Shot by Max Sasson.
7:43 of 2nd period - Shot Misses the Net.
7:45 of 2nd period - Shot by Brett Berard.
7:45 of 2nd period - Stopped by Devon Levi without a rebound.
7:46 of 2nd period - Ryan Tverberg wins face-off versus Sam Gagner in PETERBOROUGH SLASHERS zone.
8:01 of 2nd period - Shot by Lleyton Roed.
8:01 of 2nd period - Shot Misses the Net.
8:21 of 2nd period - Shot by Brian Pinho.
8:21 of 2nd period - Stopped by Colten Ellis without a rebound.
8:22 of 2nd period - Tristen Robins wins face-off versus Ross Johnston in WASHINGTON BLACKHAWKS zone.
8:29 of 2nd period - Shot by Sandis Vilmanis.
8:29 of 2nd period - Stopped by Colten Ellis with a rebound.
8:55 of 2nd period - Shot by Ross Johnston.
8:55 of 2nd period - Stopped by Devon Levi without a rebound.
8:56 of 2nd period - Danila Klimovich wins face-off versus Brian Pinho in PETERBOROUGH SLASHERS zone.
9:07 of 2nd period - Kale Clague is hit by Danila Klimovich and loses puck.
9:16 of 2nd period - Shot by Danila Klimovich.
9:16 of 2nd period - Stopped by Devon Levi without a rebound.
9:17 of 2nd period - Brett Berard wins face-off versus Jean-Luc Foudy in PETERBOROUGH SLASHERS zone.
9:25 of 2nd period - Minor Penalty to Phil Kemp for Hooking.
9:26 of 2nd period - Brian Pinho wins face-off versus Danila Klimovich in PETERBOROUGH SLASHERS zone.
10:07 of 2nd period - Minor Penalty to Ryan Tverberg for Holding.
10:08 of 2nd period - Brett Berard wins face-off versus Jesse Ylonen in WASHINGTON BLACKHAWKS zone.
10:25 of 2nd period - Shot by Pierrick Dube.
10:25 of 2nd period - Stopped by Devon Levi without a rebound.
10:26 of 2nd period - Brett Berard wins face-off versus Brian Pinho in PETERBOROUGH SLASHERS zone.
10:47 of 2nd period - Shot by Lleyton Roed.
10:47 of 2nd period - Stopped by Devon Levi without a rebound.
10:48 of 2nd period - Jesse Ylonen wins face-off versus Brett Berard in PETERBOROUGH SLASHERS zone.
10:52 of 2nd period - Off-side.
10:53 of 2nd period - Brian Pinho wins face-off versus Brett Berard in neutral zone.
11:03 of 2nd period - Shot by Brian Pinho.
11:03 of 2nd period - Shot Blocked by Brett Berard.
11:26 of 2nd period - Shot by Tristen Robins.
11:26 of 2nd period - Deflect By Noel Gunler.
11:26 of 2nd period - Stopped by Colten Ellis with a rebound.
12:07 of 2nd period - Shot by Tristen Robins.
12:07 of 2nd period - Shot Misses the Net.
12:09 of 2nd period - Shot by Anthony Vincent.
12:09 of 2nd period - Shot Misses the Net.
12:11 of 2nd period - Shot by Hunter Skinner.
12:11 of 2nd period - Shot Misses the Net.
12:13 of 2nd period - Shot by Jarred Tinordi.
12:13 of 2nd period - Shot Misses the Net.
12:15 of 2nd period - Shot by Hunter Skinner.
12:15 of 2nd period - Stopped by Colten Ellis with a rebound.
12:18 of 2nd period - Anthony Vincent is hit by Mike Reilly and loses puck.
12:21 of 2nd period - Shot by Jean-Luc Foudy.
12:21 of 2nd period - Shot Blocked by Ross Johnston.
12:23 of 2nd period - Shot by Hunter Skinner.
12:23 of 2nd period - Stopped by Colten Ellis with a rebound.
12:25 of 2nd period - Shot by Jarred Tinordi.
12:25 of 2nd period - Shot Misses the Net.
12:46 of 2nd period - Icing by Jarred Tinordi.
12:47 of 2nd period - Jean-Luc Foudy wins face-off versus Brett Berard in PETERBOROUGH SLASHERS zone.
13:09 of 2nd period - Shot by Martin Frk.
13:09 of 2nd period - Stopped by Colten Ellis with a rebound.
13:34 of 2nd period - Kale Clague is hit by Lleyton Roed and loses puck.
14:08 of 2nd period - Shot by Sandis Vilmanis.
14:08 of 2nd period - Shot Misses the Net.
14:10 of 2nd period - Shot by Phil Kemp.
14:10 of 2nd period - Stopped by Colten Ellis without a rebound.
14:11 of 2nd period - Samuel Lipkin wins face-off versus Jean-Luc Foudy in WASHINGTON BLACKHAWKS zone.
14:35 of 2nd period - Shot by Ross Johnston.
14:35 of 2nd period - Stopped by Devon Levi without a rebound.
14:36 of 2nd period - Sandis Vilmanis wins face-off versus Brett Berard in PETERBOROUGH SLASHERS zone.
14:49 of 2nd period - Shot by Brett Berard.
14:49 of 2nd period - Stopped by Devon Levi with a rebound.
14:51 of 2nd period - Shot by Max Sasson.
14:51 of 2nd period - Shot Misses the Net.
14:53 of 2nd period - Shot by Brett Berard.
14:53 of 2nd period - Stopped by Devon Levi without a rebound.
14:54 of 2nd period - Samuel Lipkin wins face-off versus Jesse Ylonen in PETERBOROUGH SLASHERS zone.
14:55 of 2nd period - Shot by Ross Johnston.
14:55 of 2nd period - Shot Misses the Net.
14:57 of 2nd period - Shot by Ross Johnston.
14:57 of 2nd period - Shot Misses the Net.
15:01 of 2nd period - Shot by Ross Johnston.
15:01 of 2nd period - Goal by Ross Johnston - PETERBOROUGH SLASHERS : 0 - WASHINGTON BLACKHAWKS : 3.
15:02 of 2nd period - Ryan Tverberg wins face-off versus Brian Pinho in neutral zone.
15:15 of 2nd period - Shot by Jesse Ylonen.
15:15 of 2nd period - Stopped by Colten Ellis without a rebound.
15:16 of 2nd period - Sandis Vilmanis wins face-off versus Ross Johnston in WASHINGTON BLACKHAWKS zone.
16:20 of 2nd period - Icing by Kale Clague.
16:21 of 2nd period - Ryan Tverberg wins face-off versus Brian Pinho in PETERBOROUGH SLASHERS zone.
16:24 of 2nd period - Shot by Danila Klimovich.
16:24 of 2nd period - Stopped by Devon Levi with a rebound.
16:28 of 2nd period - Shot by Lleyton Roed.
16:28 of 2nd period - Stopped by Devon Levi without a rebound.
16:29 of 2nd period - Samuel Lipkin wins face-off versus Brian Pinho in PETERBOROUGH SLASHERS zone.
16:40 of 2nd period - Shot by Brian Pinho.
16:40 of 2nd period - Stopped by Colten Ellis with a rebound.
17:40 of 2nd period - Shot by Danila Klimovich.
17:40 of 2nd period - Shot Misses the Net.
17:42 of 2nd period - Shot by Nikita Novikov.
17:42 of 2nd period - Stopped by Devon Levi without a rebound.
17:43 of 2nd period - Jean-Luc Foudy wins face-off versus Brett Berard in PETERBOROUGH SLASHERS zone.
19:04 of 2nd period - Ryan Tverberg is hit by Jarred Tinordi and loses puck.
19:28 of 2nd period - Jon-Randall Avon is hit by Jarred Tinordi and loses puck.
19:35 of 2nd period - Shot by Ross Johnston.
19:35 of 2nd period - Shot Blocked by Jarred Tinordi.
19:56 of 2nd period - Icing by Jarred Tinordi.
19:57 of 2nd period - Tristen Robins wins face-off versus Ryan Tverberg in PETERBOROUGH SLASHERS zone.
19:57 of 2nd period - Tristen Robins is hit by Danila Klimovich.
Goals for this period are 0 for PETERBOROUGH SLASHERS vs 1 for WASHINGTON BLACKHAWKS.
Shots for this period are 13 for PETERBOROUGH SLASHERS vs 21 for WASHINGTON BLACKHAWKS.
3rd period
0:01 of 3rd period - Brian Pinho wins face-off versus Ross Johnston in neutral zone.
0:03 of 3rd period - Martin Frk is hit by Jake Livingstone and loses puck.
0:12 of 3rd period - Nikita Novikov is hit by Ty Nelson and loses puck.
0:14 of 3rd period - Minor Penalty to Ty Nelson for Hooking.
0:15 of 3rd period - Brian Pinho wins face-off versus Ryan Tverberg in PETERBOROUGH SLASHERS zone.
1:07 of 3rd period - Shot by Ross Johnston.
1:07 of 3rd period - Shot Misses the Net.
1:09 of 3rd period - Shot by Nikita Novikov.
1:09 of 3rd period - Shot Misses the Net.
1:11 of 3rd period - Shot by Nikita Novikov.
1:11 of 3rd period - Goal by Nikita Novikov - PETERBOROUGH SLASHERS : 0 - WASHINGTON BLACKHAWKS : 4.
1:12 of 3rd period - Jean-Luc Foudy wins face-off versus Samuel Lipkin in neutral zone.
1:17 of 3rd period - Shot by Ty Nelson.
1:17 of 3rd period - Shot Misses the Net.
1:25 of 3rd period - Ty Nelson is hit by Ross Johnston and loses puck.
2:16 of 3rd period - Icing by Nick DeSimone.
2:17 of 3rd period - Ryan Tverberg wins face-off versus Tristen Robins in WASHINGTON BLACKHAWKS zone.
2:21 of 3rd period - Off-side.
2:22 of 3rd period - Brett Berard wins face-off versus Brian Pinho in neutral zone.
2:22 of 3rd period - Brett Berard is hit by Brian Pinho.
2:25 of 3rd period - Max Sasson is hit by Billy Sweezey.
2:30 of 3rd period - Mike Reilly is hit by Phil Kemp and loses puck.
2:38 of 3rd period - Pierrick Dube is hit by Phil Kemp.
2:42 of 3rd period - Shot by Pierrick Dube.
2:42 of 3rd period - Stopped by Devon Levi without a rebound.
2:43 of 3rd period - Tristen Robins wins face-off versus Ryan Tverberg in PETERBOROUGH SLASHERS zone.
2:43 of 3rd period - Tristen Robins is hit by Danila Klimovich.
2:51 of 3rd period - Shot by Tristen Robins.
2:51 of 3rd period - Goal by Tristen Robins - PETERBOROUGH SLASHERS : 1 - WASHINGTON BLACKHAWKS : 4.
2:52 of 3rd period - Ryan Tverberg wins face-off versus Brian Pinho in neutral zone.
3:01 of 3rd period - Shot by Lleyton Roed.
3:01 of 3rd period - Stopped by Devon Levi without a rebound.
3:02 of 3rd period - Brett Berard wins face-off versus Sam Gagner in PETERBOROUGH SLASHERS zone.
3:34 of 3rd period - Shot by Max Sasson.
3:34 of 3rd period - Stopped by Devon Levi without a rebound.
3:35 of 3rd period - Tristen Robins wins face-off versus Ryan Tverberg in PETERBOROUGH SLASHERS zone.
3:37 of 3rd period - Icing by Noel Gunler.
3:38 of 3rd period - Ryan Tverberg wins face-off versus Noel Gunler in PETERBOROUGH SLASHERS zone.
3:38 of 3rd period - Lleyton Roed is hit by Phil Kemp and loses puck.
3:40 of 3rd period - Minor Penalty to Danila Klimovich for Hooking.
3:41 of 3rd period - Pierrick Dube wins face-off versus Brian Pinho in WASHINGTON BLACKHAWKS zone.
3:58 of 3rd period - Shot by Brian Pinho.
3:58 of 3rd period - Shot Misses the Net.
4:00 of 3rd period - Shot by Kale Clague.
4:00 of 3rd period - Shot Blocked by Lleyton Roed.
4:02 of 3rd period - Shot by Kale Clague.
4:02 of 3rd period - Stopped by Colten Ellis without a rebound.
4:03 of 3rd period - Pierrick Dube wins face-off versus Tristen Robins in WASHINGTON BLACKHAWKS zone.
4:18 of 3rd period - Shot by Tristen Robins.
4:18 of 3rd period - Shot Misses the Net.
4:27 of 3rd period - Shot by Sandis Vilmanis.
4:27 of 3rd period - Shot Blocked by Nikita Novikov.
4:29 of 3rd period - Shot by Billy Sweezey.
4:29 of 3rd period - Shot Hit the Post.
4:31 of 3rd period - Shot by Billy Sweezey.
4:31 of 3rd period - Shot Misses the Net.
4:33 of 3rd period - Shot by Billy Sweezey.
4:33 of 3rd period - Stopped by Colten Ellis without a rebound.
4:34 of 3rd period - Samuel Lipkin wins face-off versus Brian Pinho in WASHINGTON BLACKHAWKS zone.
5:08 of 3rd period - Shot by Martin Frk.
5:08 of 3rd period - Shot Blocked by Nikita Novikov.
5:10 of 3rd period - Shot by Ty Nelson.
5:10 of 3rd period - Shot Blocked by Nikita Novikov.
5:12 of 3rd period - Shot by Ty Nelson.
5:12 of 3rd period - Shot Misses the Net.
5:14 of 3rd period - Shot by Ty Nelson.
5:14 of 3rd period - Stopped by Colten Ellis with a rebound.
5:26 of 3rd period - Nikita Novikov is hit by Sandis Vilmanis and loses puck.
5:44 of 3rd period - Off-side.
5:45 of 3rd period - Jean-Luc Foudy wins face-off versus Ross Johnston in neutral zone.
6:11 of 3rd period - Shot by Jean-Luc Foudy.
6:11 of 3rd period - Deflect By Anthony Vincent.
6:11 of 3rd period - Shot Blocked by Nick DeSimone.
6:53 of 3rd period - Shot by Danila Klimovich.
6:53 of 3rd period - Stopped by Devon Levi with a rebound.
7:17 of 3rd period - Shot by Danila Klimovich.
7:17 of 3rd period - Shot Misses the Net.
8:09 of 3rd period - Brian Pinho is hit by Jake Livingstone.
8:41 of 3rd period - Icing by Jarred Tinordi.
8:42 of 3rd period - Brett Berard wins face-off versus Jean-Luc Foudy in PETERBOROUGH SLASHERS zone.
8:43 of 3rd period - Shot by Max Sasson.
8:43 of 3rd period - Stopped by Devon Levi with a rebound.
9:44 of 3rd period - Shot by Lleyton Roed.
9:44 of 3rd period - Shot Misses the Net.
10:22 of 3rd period - Shot by Martin Frk.
10:22 of 3rd period - Stopped by Colten Ellis with a rebound.
10:35 of 3rd period - Jake Livingstone is hit by Kale Clague and loses puck.
10:49 of 3rd period - Icing by Brian Pinho.
10:50 of 3rd period - Brian Pinho wins face-off versus Ryan Tverberg in PETERBOROUGH SLASHERS zone.
10:50 of 3rd period - Brian Pinho is hit by Danila Klimovich.
10:53 of 3rd period - Icing by Jesse Ylonen.
10:54 of 3rd period - Brian Pinho wins face-off versus Ryan Tverberg in PETERBOROUGH SLASHERS zone.
11:01 of 3rd period - Shot by Martin Frk.
11:01 of 3rd period - Stopped by Colten Ellis with a rebound.
11:20 of 3rd period - Shot by Lleyton Roed.
11:20 of 3rd period - Shot Misses the Net.
11:49 of 3rd period - Martin Frk is hit by Nikita Novikov and loses puck.
12:05 of 3rd period - Shot by Max Sasson.
12:05 of 3rd period - Shot Blocked by Kale Clague.
12:07 of 3rd period - Shot by Brett Berard.
12:07 of 3rd period - Stopped by Devon Levi without a rebound.
12:08 of 3rd period - Ross Johnston wins face-off versus Tristen Robins in PETERBOROUGH SLASHERS zone.
12:28 of 3rd period - Icing by Billy Sweezey.
12:29 of 3rd period - Tristen Robins wins face-off versus Ryan Tverberg in PETERBOROUGH SLASHERS zone.
12:29 of 3rd period - Tristen Robins is hit by Danila Klimovich.
12:59 of 3rd period - Shot by Danila Klimovich.
12:59 of 3rd period - Deflect By Lleyton Roed.
12:59 of 3rd period - Stopped by Devon Levi without a rebound.
13:00 of 3rd period - Ross Johnston wins face-off versus Jean-Luc Foudy in PETERBOROUGH SLASHERS zone.
13:05 of 3rd period - Shot by Brett Berard.
13:05 of 3rd period - Stopped by Devon Levi without a rebound.
13:06 of 3rd period - Jean-Luc Foudy wins face-off versus Ross Johnston in PETERBOROUGH SLASHERS zone.
13:15 of 3rd period - Hunter Skinner is hit by Ross Johnston.
13:29 of 3rd period - Minor Penalty to Jarred Tinordi for Hooking.
13:30 of 3rd period - Danila Klimovich wins face-off versus Brian Pinho in PETERBOROUGH SLASHERS zone.
13:31 of 3rd period - Shot by Ross Johnston.
13:31 of 3rd period - Stopped by Devon Levi without a rebound.
13:32 of 3rd period - Brian Pinho wins face-off versus Ryan Tverberg in PETERBOROUGH SLASHERS zone.
13:42 of 3rd period - Icing by Nick DeSimone.
13:43 of 3rd period - Ryan Tverberg wins face-off versus Brian Pinho in WASHINGTON BLACKHAWKS zone.
13:52 of 3rd period - Shot by Brett Berard.
13:52 of 3rd period - Shot Misses the Net.
13:54 of 3rd period - Shot by Brett Berard.
13:54 of 3rd period - Goal by Brett Berard - PETERBOROUGH SLASHERS : 1 - WASHINGTON BLACKHAWKS : 5.
13:55 of 3rd period - Tristen Robins wins face-off versus Samuel Lipkin in neutral zone.
13:55 of 3rd period - Minor Penalty to Ross Johnston for Holding.
13:56 of 3rd period - Danila Klimovich wins face-off versus Brian Pinho in WASHINGTON BLACKHAWKS zone.
14:19 of 3rd period - Shot by Martin Frk.
14:19 of 3rd period - Stopped by Colten Ellis with a rebound.
14:21 of 3rd period - Shot by Kale Clague.
14:21 of 3rd period - Deflect By Jesse Ylonen.
14:21 of 3rd period - Stopped by Colten Ellis without a rebound.
14:22 of 3rd period - Tristen Robins wins face-off versus Danila Klimovich in WASHINGTON BLACKHAWKS zone.
14:35 of 3rd period - Shot by Lleyton Roed.
14:35 of 3rd period - Shot Misses the Net.
14:43 of 3rd period - Icing by Phil Kemp.
14:44 of 3rd period - Tristen Robins wins face-off versus Pierrick Dube in PETERBOROUGH SLASHERS zone.
15:03 of 3rd period - Shot by Noel Gunler.
15:03 of 3rd period - Stopped by Colten Ellis without a rebound.
15:04 of 3rd period - Brian Pinho wins face-off versus Pierrick Dube in WASHINGTON BLACKHAWKS zone.
16:02 of 3rd period - Shot by Jean-Luc Foudy.
16:02 of 3rd period - Shot Misses the Net.
16:03 of 3rd period - Minor Penalty to Mike Reilly for Roughing.
16:04 of 3rd period - Tristen Robins wins face-off versus Pierrick Dube in WASHINGTON BLACKHAWKS zone.
16:07 of 3rd period - Shot by Noel Gunler.
16:07 of 3rd period - Shot Misses the Net.
16:14 of 3rd period - Icing by Billy Sweezey.
16:15 of 3rd period - Danila Klimovich wins face-off versus Tristen Robins in PETERBOROUGH SLASHERS zone.
16:24 of 3rd period - Shot by Danila Klimovich.
16:24 of 3rd period - Shot Blocked by Billy Sweezey.
16:36 of 3rd period - Shot by Danila Klimovich.
16:36 of 3rd period - Shot Blocked by Billy Sweezey.
16:38 of 3rd period - Shot by Viliam Kmec.
16:38 of 3rd period - Stopped by Devon Levi without a rebound.
16:39 of 3rd period - Brian Pinho wins face-off versus Pierrick Dube in PETERBOROUGH SLASHERS zone.
16:44 of 3rd period - Nikita Novikov is hit by Martin Frk and loses puck.
17:19 of 3rd period - Shot by Brian Pinho.
17:19 of 3rd period - Stopped by Colten Ellis with a rebound.
17:41 of 3rd period - Danila Klimovich is hit by Sandis Vilmanis and loses puck.
18:08 of 3rd period - Shot by Tristen Robins.
18:08 of 3rd period - Stopped by Colten Ellis without a rebound.
18:09 of 3rd period - Jean-Luc Foudy wins face-off versus Samuel Lipkin in WASHINGTON BLACKHAWKS zone.
18:09 of 3rd period - Jean-Luc Foudy is hit by Jake Livingstone.
18:31 of 3rd period - Jean-Luc Foudy is hit by Jake Livingstone and loses puck.
18:44 of 3rd period - Shot by Tyson Empey.
18:44 of 3rd period - Shot Misses the Net.
18:49 of 3rd period - Minor Penalty to Nikita Novikov for Roughing.
18:50 of 3rd period - Brian Pinho wins face-off versus Danila Klimovich in WASHINGTON BLACKHAWKS zone.
18:50 of 3rd period - Jesse Ylonen is hit by Viliam Kmec and loses puck.
19:03 of 3rd period - Shot by Brian Pinho.
19:03 of 3rd period - Shot Misses the Net.
19:23 of 3rd period - Shot by Brian Pinho.
19:23 of 3rd period - Stopped by Colten Ellis without a rebound.
19:24 of 3rd period - Tristen Robins wins face-off versus Danila Klimovich in WASHINGTON BLACKHAWKS zone.
19:45 of 3rd period - Shot by Noel Gunler.
19:45 of 3rd period - Shot Misses the Net.
19:47 of 3rd period - Shot by Billy Sweezey.
19:47 of 3rd period - Stopped by Colten Ellis without a rebound.
19:48 of 3rd period - Brian Pinho wins face-off versus Brett Berard in WASHINGTON BLACKHAWKS zone.
Goals for this period are 1 for PETERBOROUGH SLASHERS vs 2 for WASHINGTON BLACKHAWKS.
Shots for this period are 13 for PETERBOROUGH SLASHERS vs 12 for WASHINGTON BLACKHAWKS.
Back to the Top